[Event "DVM U12 2024"]
[Site "Heidelberg"]
[Date "2024.12.29"]
[Round "6"]
[White "Gersemann, Karl"]
[Black "Shen, Tingrui"]
[Result "0-1"]
[ECO "B90"]
[WhiteElo "2012"]
[BlackElo "2164"]
[Annotator "RC"]
[PlyCount "52"]
[EventDate "2024.12.23"]
[EventType "team-tourn"]
[EventRounds "7"]
[EventCountry "GER"]
[SourceTitle "playchess.com"]
[Source "ChessBase"]
[SourceQuality "1"]
[TimeControl "40/5400+30:1800+30"]

1. e4 c5 2. Nf3 d6 3. d4 cxd4 4. Nxd4 Nf6 5. Nc3 a6 6. f3 e5 7. Nb3 Be6 8. Be3 h5 9. Qd2 Be7 10. a4 Nc6 11. Nd5 Rc8 12. c4 h4 13. a5 Nh5 14. Nc1 Bxd5 15. cxd5 Nd4 16. Bxd4 exd4 17. Qxd4 O-O 18. Nd3 Rc2 19. Qa4 Qc7 20. Be2 Bg5 21. Kf2 Bf4 22. Qb3 Rc8 23. Ra4 Qe7 24. Qb6 Qg5 25. Ne1 Rc1 26. b3 R8c3 0-1

[Event "DVM U12 2024"]
[Site "Heidelberg"]
[Date "2024.12.29"]
[Round "6"]
[White "Fadeev, Justin Michael"]
[Black "Kraus, Linus"]
[Result "1-0"]
[ECO "B15"]
[WhiteElo "1894"]
[BlackElo "1803"]
[Annotator "NA RC"]
[PlyCount "147"]
[EventDate "2024.12.23"]
[EventType "team-tourn"]
[EventRounds "7"]
[EventCountry "GER"]
[SourceTitle "playchess.com"]
[Source "ChessBase"]
[SourceQuality "1"]
[TimeControl "40/5400+30:1800+30"]

1. e4 g6 2. d4 Bg7 3. Nc3 c6 4. f4 d5 5. e5 Nh6 6. Nf3 f6 7. h3 O-O 8. Be3 Nd7 9. Bd3 fxe5 10. fxe5 Nb6 11. O-O Bf5 12. b3 Bxd3 13. Qxd3 e6 14. g4 Nd7 15. Ne2 Nf7 16. g5 c5 17. c3 Qc7 18. Nh2 Rac8 19. Rac1 c4 20. Qd2 a5 21. b4 axb4 22. cxb4 Ra8 23. Nc3 Nb6 24. Ng4 Na4 25. Nf6+ Bxf6 26. Rxf6 Nxc3 27. Rxc3 Nd8 28. Bf2 Qd7 29. h4 Nc6 30. Rg3 Ne7 31. h5 Kg7 32. Rh3 Nf5 33. Qe2 Qe8 34. a3 b5 35. Qg4 Ra6 36. Qg2 Rf7 37. hxg6 hxg6 38. Qh2 Qg8 39. Rh7+ Qxh7 40. Rxf7+ Kxf7 41. Qxh7+ Ng7 42. Qh8 Ne8 43. Qh3 Ng7 44. Kf1 Nh5 45. Qf3+ Ke7 46. Ke1 Ra4 47. Kd2 Ra6 48. Kc2 Ra4 49. Kb2 Ra6 50. Bg1 Ra4 51. Bh2 Ra6 52. Qf2 Ra4 53. Qc2 Kf7 54. Qxa4 bxa4 55. b5 Ke7 56. Kc3 Kd7 57. Kb4 Ng7 58. Bg3 Nf5 59. Bf2 Kc7 60. Kxa4 Ne7 61. Kb4 Nc8 62. a4 Nb6 63. a5 Nd7 64. Be1 Kb7 65. Ka4 Kc7 66. Bb4 Nb8 67. Bd6+ Kc8 68. a6 Nd7 69. Bb4 Kb8 70. Ka5 Kc7 71. Bd2 Nb6 72. Bc3 Na8 73. Bb4 Nb6 74. Bd6+ 1-0

[Event "DVM U12 2024"]
[Site "Heidelberg"]
[Date "2024.12.29"]
[Round "6"]
[White "Lange, Fynn Jeremy"]
[Black "Berger, Friedrich Richard"]
[Result "1/2-1/2"]
[ECO "A25"]
[WhiteElo "1878"]
[BlackElo "1658"]
[Annotator "NA RC"]
[PlyCount "61"]
[EventDate "2024.12.23"]
[EventType "team-tourn"]
[EventRounds "7"]
[EventCountry "GER"]
[SourceTitle "playchess.com"]
[Source "ChessBase"]
[SourceQuality "1"]
[TimeControl "40/5400+30:1800+30"]

1. c4 e5 2. g3 Nc6 3. Bg2 d6 4. Nc3 f5 5. e3 Nf6 6. Nge2 g6 7. d3 Bg7 8. Rb1 a5 9. a3 O-O 10. O-O Be6 11. Nd5 Bxd5 12. cxd5 Ne7 13. Nc3 h6 14. f4 Qd7 15. Bd2 exf4 16. gxf4 Nc8 17. Bf3 Nb6 18. Qc2 Rfe8 19. Rbe1 Qf7 20. e4 fxe4 21. dxe4 Kh8 22. Nb5 Re7 23. Be3 Rd8 24. Nc3 Nbd7 25. Qd2 Ng8 26. Nb5 Ndf6 27. Nc3 Rde8 28. Bf2 Nd7 29. Re2 g5 30. Bg3 Qg6 31. Rg2 1/2-1/2

[Event "DVM U12 2024"]
[Site "Heidelberg"]
[Date "2024.12.29"]
[Round "6"]
[White "Vartanian, Roman"]
[Black "Sriram, Aumkar"]
[Result "1-0"]
[ECO "A90"]
[WhiteElo "1853"]
[BlackElo "1610"]
[Annotator "NA RC"]
[PlyCount "143"]
[EventDate "2024.12.23"]
[EventType "team-tourn"]
[EventRounds "7"]
[EventCountry "GER"]
[SourceTitle "playchess.com"]
[Source "ChessBase"]
[SourceQuality "1"]
[TimeControl "40/5400+30:1800+30"]

1. Nf3 e6 2. d4 f5 3. c4 Nf6 4. g3 d5 5. Bg2 c6 6. Nc3 Bd6 7. O-O O-O 8. Qb3 Nbd7 9. Bg5 h6 10. Bxf6 Nxf6 11. Rfe1 Ne4 12. a4 Bd7 13. c5 Bc7 14. e3 b6 15. cxb6 axb6 16. Rec1 c5 17. Ne1 Qe7 18. f3 c4 19. Qc2 Nf6 20. b3 cxb3 21. Qxb3 Kh8 22. Nd3 Rfc8 23. Bf1 Qf7 24. Kg2 Qg6 25. Be2 h5 26. Kf2 Qe8 27. Ne5 Bc6 28. Nxc6 Qxc6 29. Nb5 Qd7 30. Nxc7 Rxc7 31. Qxb6 Rxc1 32. Rxc1 Qxa4 33. Qxe6 Qd7 34. Qxd7 Nxd7 35. Bd3 Ra2+ 36. Rc2 Rxc2+ 37. Bxc2 g6 38. g4 hxg4 39. fxg4 fxg4 40. Bxg6 Nf6 41. Kg3 Kg7 42. Bf5 Kh6 43. Bxg4 Kg5 44. h4+ Kg6 45. Kf4 Kh6 46. Kf5 Kg7 47. Bf3 Kf7 48. Ke5 Ke7 49. Bxd5 Ng4+ 50. Kf4 Nf6 51. e4 Kd7 52. Kf5 Ne8 53. e5 Nc7 54. Bc4 Ke7 55. d5 Ne8 56. Bb5 Ng7+ 57. Kg6 Ne8 58. Bxe8 Kxe8 59. Kf6 Kf8 60. e6 Ke8 61. d6 Kd8 62. h5 Ke8 63. h6 Kd8 64. h7 Kc8 65. h8=Q+ Kb7 66. d7 Kc6 67. Qc8+ Kd5 68. d8=Q+ Ke4 69. Qc4+ Ke3 70. Qdd3+ Kf2 71. Qcc2+ Ke1 72. Qdd1# 1-0

[Event "DVM U12 2024"]
[Site "Heidelberg"]
[Date "2024.12.29"]
[Round "6"]
[White "Zimmer, Tim"]
[Black "Heins, Simon"]
[Result "1-0"]
[ECO "B33"]
[WhiteElo "1846"]
[BlackElo "1708"]
[Annotator "NA RC"]
[PlyCount "90"]
[EventDate "2024.12.23"]
[EventType "team-tourn"]
[EventRounds "7"]
[EventCountry "GER"]
[SourceTitle "playchess.com"]
[Source "ChessBase"]
[SourceQuality "1"]
[TimeControl "40/5400+30:1800+30"]

1. e4 c5 2. Nf3 Nc6 3. d4 cxd4 4. Nxd4 e5 5. Nb5 d6 6. N1c3 a6 7. Na3 b5 8. Nd5 Nf6 9. Bg5 Be7 10. Bxf6 Bxf6 11. c3 Bg5 12. Bd3 Ne7 13. Be2 O-O 14. Nc2 Nxd5 15. exd5 f5 16. O-O Bb7 17. a4 bxa4 18. Rxa4 Qd7 19. Nb4 a5 20. Nc6 Kh8 21. Bb5 Qc7 22. Qa1 f4 23. Qa2 f3 24. g3 Qc8 25. Ra1 Bxc6 26. dxc6 Rb8 27. Bf1 Qxc6 28. Rxa5 Bh6 29. Ra6 Qb7 30. Rxd6 e4 31. Rxh6 gxh6 32. Qc4 Rbe8 33. Re1 Rf7 34. Qd4+ Rg7 35. b4 Qa7 36. Rxe4 Rxe4 37. Qxe4 Qb7 38. Qe8+ Rg8 39. Qe3 h5 40. Bd3 Qg7 41. Bf1 Qf6 42. c4 h4 43. Qc5 hxg3 44. hxg3 Rg5 45. Qe3 Qd6 1-0

[Event "DVM U12 2024"]
[Site "Heidelberg"]
[Date "2024.12.29"]
[Round "6"]
[White "Jahn, Gustav"]
[Black "Vu Hoang Bach"]
[Result "1-0"]
[ECO "A05"]
[WhiteElo "1822"]
[BlackElo "1779"]
[Annotator "NA RC"]
[PlyCount "83"]
[EventDate "2024.12.23"]
[EventType "team-tourn"]
[EventRounds "7"]
[EventCountry "GER"]
[SourceTitle "playchess.com"]
[Source "ChessBase"]
[SourceQuality "1"]
[TimeControl "40/5400+30:1800+30"]

1. Nf3 Nf6 2. g3 e6 3. Bg2 b6 4. d3 Be7 5. O-O O-O 6. e4 d5 7. Nbd2 Bb7 8. e5 Nfd7 9. Re1 c5 10. c3 Nc6 11. d4 cxd4 12. cxd4 Rc8 13. a3 Rc7 14. Nf1 b5 15. h4 Qb8 16. Bf4 Rfc8 17. Ne3 b4 18. Ng5 h6 19. Nh3 Bf8 20. Nxd5 exd5 21. e6 Nf6 22. exf7+ Kh8 23. Ng5 Qa8 24. Bxc7 Rxc7 25. Ne6 Rxf7 26. axb4 Bxb4 27. Re3 Ne7 28. Qa4 a5 29. Nf4 Nf5 30. Rb3 Qc8 31. Ng6+ Kh7 32. Ne5 Re7 33. Bh3 Ne4 34. Rf3 Ned6 35. Qd1 Qe6 36. Qd3 g6 37. h5 Nxd4 38. Bxe6 Nxf3+ 39. Qxf3 Rxe6 40. Nxg6 Re8 41. Qf6 Bc8 42. Ne7 1-0

[Event "DVM U12 2024"]
[Site "Heidelberg"]
[Date "2024.12.29"]
[Round "6"]
[White "Serwane, Ruben"]
[Black "Hantke, Karl"]
[Result "1-0"]
[ECO "B33"]
[WhiteElo "1799"]
[BlackElo "1627"]
[Annotator "NA RC"]
[PlyCount "77"]
[EventDate "2024.12.23"]
[EventType "team-tourn"]
[EventRounds "7"]
[EventCountry "GER"]
[SourceTitle "playchess.com"]
[Source "ChessBase"]
[SourceQuality "1"]
[TimeControl "40/5400+30:1800+30"]

1. e4 c5 2. Nf3 Nc6 3. d4 cxd4 4. Nxd4 e5 5. Nb5 d6 6. N1c3 a6 7. Na3 Nf6 8. Bg5 Be7 9. Bxf6 Bxf6 10. Nd5 Be6 11. Nc4 b5 12. Nxf6+ gxf6 13. Qxd6 Nd4 14. Qxd8+ Rxd8 15. Ne3 Rg8 16. c3 Nc6 17. a4 Rb8 18. axb5 axb5 19. Nd5 Bxd5 20. exd5 Nd8 21. O-O-O b4 22. c4 Ke7 23. c5 Rc8 24. c6 Kd6 25. b3 Rc7 26. Kb2 h6 27. g3 Rg4 28. Bg2 Rg8 29. Bh3 Re8 30. Bd7 Re7 31. Rhe1 Rexd7 32. cxd7 Rxd7 33. Re4 Nb7 34. Rxb4 Nc5 35. Rb6+ Ke7 36. f3 f5 37. Rxh6 e4 38. fxe4 fxe4 39. Kc3 1-0

[Event "DVM U12 2024"]
[Site "Heidelberg"]
[Date "2024.12.29"]
[Round "6"]
[White "Kovalskyy, Alicia"]
[Black "Sutharjan, Dakxwin"]
[Result "1/2-1/2"]
[ECO "B13"]
[WhiteElo "1758"]
[BlackElo "1917"]
[Annotator "NA RC"]
[PlyCount "90"]
[EventDate "2024.12.23"]
[EventType "team-tourn"]
[EventRounds "7"]
[EventCountry "GER"]
[SourceTitle "playchess.com"]
[Source "ChessBase"]
[SourceQuality "1"]
[TimeControl "40/5400+30:1800+30"]

1. e4 c6 2. d4 d5 3. exd5 cxd5 4. Bd3 Nf6 5. Nf3 Qc7 6. c3 Nc6 7. Na3 a6 8. h3 g6 9. Bg5 Bg7 10. Nc2 O-O 11. Ne3 Rd8 12. O-O b5 13. Qd2 e5 14. dxe5 Nxe5 15. Nxe5 Qxe5 16. f4 Qd6 17. Nc2 Bb7 18. Nd4 Re8 19. Bxf6 Bxf6 20. f5 Rad8 21. Qf2 Bxd4 22. cxd4 Qf6 23. fxg6 Qxf2+ 24. Rxf2 hxg6 25. Raf1 Re7 26. Re2 Rxe2 27. Bxe2 Kf8 28. Rc1 Rc8 29. Rxc8+ Bxc8 30. Kf2 Ke7 31. Ke3 Bf5 32. Kd2 Kd6 33. Bf3 a5 34. Kc3 g5 35. Bh5 f6 36. Be8 Bd7 37. Bh5 f5 38. Be2 Ke6 39. b4 a4 40. a3 f4 41. Bf3 Kd6 42. Be2 Ke7 43. Bf3 Kd6 44. Be2 Ke7 45. Bf3 Kd6 1/2-1/2

[Event "DVM U12 2024"]
[Site "Heidelberg"]
[Date "2024.12.29"]
[Round "6"]
[White "Wingerath, Felix"]
[Black "Leonhardt, Max"]
[Result "1/2-1/2"]
[ECO "C10"]
[WhiteElo "1753"]
[BlackElo "1735"]
[Annotator "NA RC"]
[PlyCount "49"]
[EventDate "2024.12.23"]
[EventType "team-tourn"]
[EventRounds "7"]
[EventCountry "GER"]
[SourceTitle "playchess.com"]
[Source "ChessBase"]
[SourceQuality "1"]
[TimeControl "40/5400+30:1800+30"]

1. e4 e6 2. d4 d5 3. Nd2 dxe4 4. Nxe4 Nd7 5. Nf3 Ngf6 6. Nxf6+ Nxf6 7. Bd3 Be7 8. O-O O-O 9. Ne5 c5 10. dxc5 Qd5 11. Re1 Bxc5 12. Bc4 Qd8 13. Bg5 Qb6 14. Nd3 Be7 15. b3 Bd7 16. Ne5 Bb5 17. Qf3 Bxc4 18. Nxc4 Qc7 19. a4 Nd5 20. Bxe7 Nxe7 21. Ne3 Rfd8 22. Rad1 h6 23. h3 Nc6 24. Rxd8+ Rxd8 25. Rd1 1/2-1/2

[Event "DVM U12 2024"]
[Site "Heidelberg"]
[Date "2024.12.29"]
[Round "6"]
[White "Grabowski, Joshua"]
[Black "Tuktamyshev, Timur"]
[Result "1-0"]
[ECO "C54"]
[WhiteElo "1745"]
[BlackElo "1531"]
[Annotator "NA RC"]
[PlyCount "121"]
[EventDate "2024.12.23"]
[EventType "team-tourn"]
[EventRounds "7"]
[EventCountry "GER"]
[SourceTitle "playchess.com"]
[Source "ChessBase"]
[SourceQuality "1"]
[TimeControl "40/5400+30:1800+30"]

1. e4 e5 2. Nf3 Nc6 3. Bc4 Nf6 4. d3 Bc5 5. c3 d6 6. O-O a6 7. b4 Ba7 8. Nbd2 O-O 9. h3 Ne7 10. Re1 Ng6 11. Nf1 h6 12. Ng3 Be6 13. Bxe6 fxe6 14. Be3 Nf4 15. d4 Ng6 16. dxe5 Bxe3 17. Rxe3 Nxe5 18. Nxe5 dxe5 19. Qb3 Qe7 20. Rd1 Rad8 21. Red3 Rxd3 22. Rxd3 h5 23. Qc4 Qf7 24. a4 h4 25. Ne2 Nh5 26. Rf3 Nf4 27. Kf1 Qd7 28. Qb3 Kh7 29. g3 hxg3 30. fxg3 Ng6 31. Rxf8 Nxf8 32. Qc2 b5 33. a5 c5 34. Ke1 c4 35. Qd2 Qxd2+ 36. Kxd2 Nd7 37. Ng1 Nf6 38. Ke3 g5 39. Nf3 g4 40. Ng5+ Kg6 41. h4 Nh5 42. Nxe6 Nxg3 43. Nc5 Nh5 44. Nxa6 g3 45. Kf3 g2 46. Kxg2 Nf4+ 47. Kf3 Ne6 48. Nc5 Nc7 49. a6 Kh5 50. a7 Kxh4 51. Nd7 Kg5 52. Nb6 Kf6 53. Nd5+ Nxd5 54. exd5 Ke7 55. a8=Q Kd6 56. Qc6+ Ke7 57. Qe6+ Kf8 58. Qd7 Kg8 59. Qe7 Kh8 60. Kg4 Kg8 61. Kg5 1-0

[Event "DVM U12 2024"]
[Site "Heidelberg"]
[Date "2024.12.29"]
[Round "6"]
[White "Menke, Raphael Wilhelm"]
[Black "Engelhaupt, Henry"]
[Result "1-0"]
[ECO "C33"]
[WhiteElo "1742"]
[BlackElo "1905"]
[Annotator "NA RC"]
[PlyCount "49"]
[EventDate "2024.12.23"]
[EventType "team-tourn"]
[EventRounds "7"]
[EventCountry "GER"]
[SourceTitle "playchess.com"]
[Source "ChessBase"]
[SourceQuality "1"]
[TimeControl "40/5400+30:1800+30"]

1. e4 e5 2. Nc3 Nc6 3. Bc4 Nf6 4. f4 d6 5. Nf3 exf4 6. d4 Bg4 7. O-O a6 8. a4 Qd7 9. Bxf4 O-O-O 10. d5 Bxf3 11. Rxf3 Ne5 12. Bxe5 dxe5 13. Rb1 Bc5+ 14. Kh1 Ng4 15. Qe2 h5 16. b4 Ba7 17. a5 b5 18. axb6 Bxb6 19. Bxa6+ Kb8 20. Bb5 c6 21. Bxc6 Qe7 22. Ra1 Rc8 23. Qb5 Kc7 24. d6+ Qxd6 25. Rxf7+ 1-0

[Event "DVM U12 2024"]
[Site "Heidelberg"]
[Date "2024.12.29"]
[Round "6"]
[White "Tu, Audrey"]
[Black "Rudolph, Simon"]
[Result "1/2-1/2"]
[ECO "C10"]
[WhiteElo "1734"]
[BlackElo "1614"]
[Annotator "NA RC"]
[PlyCount "74"]
[EventDate "2024.12.23"]
[EventType "team-tourn"]
[EventRounds "7"]
[EventCountry "GER"]
[SourceTitle "playchess.com"]
[Source "ChessBase"]
[SourceQuality "1"]
[TimeControl "40/5400+30:1800+30"]

1. e4 e6 2. d4 d5 3. Nc3 dxe4 4. Nxe4 Nd7 5. Nf3 h6 6. Bd3 Ngf6 7. Ng3 c5 8. O-O cxd4 9. Nxd4 Be7 10. b3 O-O 11. c4 Bc5 12. Bb2 Ne5 13. Bc2 Qe7 14. Qe2 Ned7 15. Rad1 Nb6 16. Ne4 Nxe4 17. Qxe4 f5 18. Qf3 e5 19. Rfe1 e4 20. Qf4 Bd6 21. Nxf5 Qf7 22. Qxd6 Bxf5 23. Qg3 Rfe8 24. h3 Nd7 25. Rd5 Re7 26. Qxg7+ Qxg7 27. Bxg7 Be6 28. Rxe4 Kxg7 29. Rxe6 Rxe6 30. Rxd7+ Kg8 31. f3 Re2 32. Be4 Rxa2 33. Rxb7 Rd8 34. Bd5+ Kh8 35. b4 a5 36. b5 a4 37. b6 Rb2 1/2-1/2

[Event "DVM U12 2024"]
[Site "Heidelberg"]
[Date "2024.12.29"]
[Round "6"]
[White "Vu, Khoi Nguyen"]
[Black "Hagn, Tobias"]
[Result "1-0"]
[ECO "C54"]
[WhiteElo "1730"]
[BlackElo "1670"]
[Annotator "NA RC"]
[PlyCount "57"]
[EventDate "2024.12.23"]
[EventType "team-tourn"]
[EventRounds "7"]
[EventCountry "GER"]
[SourceTitle "playchess.com"]
[Source "ChessBase"]
[SourceQuality "1"]
[TimeControl "40/5400+30:1800+30"]

1. e4 e5 2. Nf3 Nc6 3. Bc4 Bc5 4. c3 Nf6 5. d3 d6 6. O-O O-O 7. Nbd2 Ne7 8. h3 Ng6 9. Re1 Nf4 10. Nf1 N6h5 11. Be3 Bb6 12. Bxf4 Nxf4 13. Ng3 Qf6 14. d4 exd4 15. cxd4 Ba5 16. Re3 Qh6 17. Ne2 Nh5 18. e5 Bb6 19. Qb3 Be6 20. Bxe6 Qxe6 21. g4 Qg6 22. Kh2 h6 23. gxh5 Qxh5 24. Rg1 Rae8 25. Nf4 Qf5 26. Ng6 dxe5 27. Nfh4 Qxf2+ 28. Rg2 Qf1 29. Rf3 1-0

[Event "DVM U12 2024"]
[Site "Heidelberg"]
[Date "2024.12.29"]
[Round "6"]
[White "Sun, Christopher"]
[Black "Mao, Leo"]
[Result "1/2-1/2"]
[ECO "B22"]
[WhiteElo "1723"]
[BlackElo "1752"]
[Annotator "NA RC"]
[PlyCount "69"]
[EventDate "2024.12.23"]
[EventType "team-tourn"]
[EventRounds "7"]
[EventCountry "GER"]
[SourceTitle "playchess.com"]
[Source "ChessBase"]
[SourceQuality "1"]
[TimeControl "40/5400+30:1800+30"]

1. e4 c5 2. c3 d5 3. exd5 Qxd5 4. d4 Nf6 5. Nf3 e6 6. Bd3 Be7 7. Bf4 O-O 8. O-O Nc6 9. Na3 Qd8 10. Nc2 b6 11. Re1 Bb7 12. Ne3 cxd4 13. cxd4 Nb4 14. Be2 Nbd5 15. Nxd5 Nxd5 16. Bg3 Bb4 17. Rf1 Bd6 18. Rc1 Bxg3 19. hxg3 Qe8 20. Qd2 Qa4 21. a3 Rfc8 22. Rfd1 Qe8 23. Bd3 h6 24. Ne5 Rxc1 25. Rxc1 Rc8 26. Be4 Rxc1+ 27. Qxc1 f6 28. Bg6 Qc8 29. Qxc8+ Bxc8 30. Nc6 a5 31. Kf1 Kf8 32. Ke2 Bd7 33. Na7 a4 34. Bd3 Nc7 35. Kd2 1/2-1/2

[Event "DVM U12 2024"]
[Site "Heidelberg"]
[Date "2024.12.29"]
[Round "6"]
[White "Kesavan, Sarvesh"]
[Black "Liu, Zichen"]
[Result "1-0"]
[ECO "C54"]
[WhiteElo "1721"]
[BlackElo "1563"]
[Annotator "NA RC"]
[PlyCount "129"]
[EventDate "2024.12.23"]
[EventType "team-tourn"]
[EventRounds "7"]
[EventCountry "GER"]
[SourceTitle "playchess.com"]
[Source "ChessBase"]
[SourceQuality "1"]
[TimeControl "40/5400+30:1800+30"]

1. e4 e5 2. Nf3 Nc6 3. Bc4 Bc5 4. c3 Nf6 5. d3 d6 6. Nbd2 Be6 7. Bb3 O-O 8. O-O Re8 9. h3 h6 10. Re1 d5 11. Ba4 dxe4 12. Bxc6 bxc6 13. Nxe5 Bd5 14. d4 Bd6 15. Nec4 c5 16. Nxd6 cxd6 17. dxc5 dxc5 18. Nf1 Qb6 19. Ne3 Bb7 20. Nc4 Qc7 21. Qc2 Rad8 22. b3 Ba6 23. Nb2 c4 24. Be3 Ra8 25. Bd4 Qc6 26. Rad1 cxb3 27. axb3 Bb7 28. Nc4 a5 29. Bxf6 Qxf6 30. Nd6 Re7 31. Nxb7 Rxb7 32. Rxe4 Rc7 33. Rde1 g6 34. Re8+ Rxe8 35. Rxe8+ Kg7 36. Re3 Re7 37. Rxe7 Qxe7 38. c4 Qe1+ 39. Kh2 Qe5+ 40. g3 Qc5 41. Qc3+ Kh7 42. Qe3 Qf5 43. Kg2 Kg7 44. Qc3+ Kh7 45. Qf3 Qe6 46. Qd5 Kg7 47. Qxe6 fxe6 48. Kf3 Kf6 49. Ke4 g5 50. f4 gxf4 51. Kxf4 e5+ 52. Ke4 Ke6 53. g4 Kf6 54. h4 Ke6 55. g5 h5 56. c5 Kd7 57. Kxe5 Kc6 58. g6 Kxc5 59. g7 Kb6 60. g8=Q a4 61. bxa4 Ka7 62. Qb3 Ka6 63. Kd6 Ka7 64. Kc6 Ka8 65. Qb7# 1-0

[Event "DVM U12 2024"]
[Site "Heidelberg"]
[Date "2024.12.29"]
[Round "6"]
[White "Mi Plaza, Luis Leo Manuel"]
[Black "Pflugbeil, Julian"]
[Result "0-1"]
[ECO "A16"]
[WhiteElo "1702"]
[BlackElo "1586"]
[Annotator "NA RC"]
[PlyCount "50"]
[EventDate "2024.12.23"]
[EventType "team-tourn"]
[EventRounds "7"]
[EventCountry "GER"]
[SourceTitle "playchess.com"]
[Source "ChessBase"]
[SourceQuality "1"]
[TimeControl "40/5400+30:1800+30"]

1. c4 Nf6 2. Nc3 g6 3. g3 Bg7 4. Bg2 O-O 5. e3 e6 6. Nge2 d5 7. cxd5 exd5 8. d4 Re8 9. O-O c6 10. Bd2 Bf5 11. Qb3 Qc7 12. Rac1 Ne4 13. Nxd5 Qd7 14. Bxe4 Bxe4 15. Ndf4 g5 16. Ng2 Bf3 17. Nc3 Qh3 18. Ne1 g4 19. Qxb7 Re6 20. e4 Bh6 21. Be3 c5 22. d5 Re5 23. Bxh6 Qxh2+ 24. Kxh2 Rh5+ 25. Kg1 Rh1# 0-1

[Event "DVM U12 2024"]
[Site "Heidelberg"]
[Date "2024.12.29"]
[Round "6"]
[White "Akcapinar, Timur"]
[Black "Hendler, Maximilian"]
[Result "1-0"]
[ECO "B23"]
[WhiteElo "1687"]
[BlackElo "1644"]
[Annotator "NA RC"]
[PlyCount "39"]
[EventDate "2024.12.23"]
[EventType "team-tourn"]
[EventRounds "7"]
[EventCountry "GER"]
[SourceTitle "playchess.com"]
[Source "ChessBase"]
[SourceQuality "1"]
[TimeControl "40/5400+30:1800+30"]

1. e4 c5 2. Nc3 d6 3. f4 Nf6 4. Nf3 g6 5. Bc4 Bg7 6. O-O O-O 7. Qe1 Nc6 8. d3 a6 9. a4 Bd7 10. f5 Nd4 11. Nxd4 cxd4 12. Nd5 e6 13. Nxf6+ Bxf6 14. Bh6 Bg7 15. Bxg7 Kxg7 16. f6+ Kh8 17. Qh4 Rg8 18. Rf3 h5 19. Qg5 Kh7 20. Rh3 1-0

[Event "DVM U12 2024"]
[Site "Heidelberg"]
[Date "2024.12.29"]
[Round "6"]
[White "Schmidt, Jossip"]
[Black "Atar, Semih Akif"]
[Result "1-0"]
[ECO "C10"]
[WhiteElo "1687"]
[BlackElo "1624"]
[Annotator "NA RC"]
[PlyCount "87"]
[EventDate "2024.12.23"]
[EventType "team-tourn"]
[EventRounds "7"]
[EventCountry "GER"]
[SourceTitle "playchess.com"]
[Source "ChessBase"]
[SourceQuality "1"]
[TimeControl "40/5400+30:1800+30"]

1. e4 e6 2. d4 d5 3. Nd2 dxe4 4. Nxe4 Nd7 5. Bd3 Ngf6 6. Qe2 Nxe4 7. Bxe4 Nf6 8. Bxb7 Bxb7 9. Qb5+ Qd7 10. Qxb7 Qd5 11. Qxd5 Nxd5 12. a3 c5 13. dxc5 Bxc5 14. Nf3 O-O 15. b4 Bb6 16. c4 Nf6 17. c5 Bc7 18. Bb2 Nd5 19. O-O a5 20. b5 Rfc8 21. b6 Nxb6 22. cxb6 Bxb6 23. Rac1 Rd8 24. Rfd1 Rxd1+ 25. Rxd1 Rb8 26. Be5 Rc8 27. g3 Bc5 28. Bb2 h6 29. Rc1 Rc7 30. Bd4 Bd6 31. Rxc7 Bxc7 32. a4 f6 33. Kf1 e5 34. Bc5 Kf7 35. Ke2 Ke6 36. Nd2 h5 37. f3 Kd5 38. Bf8 g5 39. Be7 Ke6 40. Ba3 Kd5 41. Ne4 Bd8 42. Kd3 f5 43. Nc3+ Kc6 44. h3 1-0

[Event "DVM U12 2024"]
[Site "Heidelberg"]
[Date "2024.12.29"]
[Round "6"]
[White "Rogner, Alexander Luis"]
[Black "Teng, David"]
[Result "1/2-1/2"]
[ECO "B22"]
[WhiteElo "1674"]
[BlackElo "1732"]
[Annotator "NA RC"]
[PlyCount "99"]
[EventDate "2024.12.23"]
[EventType "team-tourn"]
[EventRounds "7"]
[EventCountry "GER"]
[SourceTitle "playchess.com"]
[Source "ChessBase"]
[SourceQuality "1"]
[TimeControl "40/5400+30:1800+30"]

1. e4 c5 2. d4 cxd4 3. c3 Nf6 4. e5 Nd5 5. Nf3 e6 6. cxd4 d6 7. Bc4 Be7 8. O-O Bd7 9. Qe2 Bc6 10. Re1 Nd7 11. Bxd5 Bxd5 12. Nc3 Nb6 13. Bf4 O-O 14. Rac1 Qd7 15. Red1 Rac8 16. Bg3 a6 17. h3 Rfd8 18. Nd2 h6 19. Nde4 Bxe4 20. Nxe4 d5 21. Nc3 Bb4 22. Nb1 Nc4 23. b3 Na5 24. Bf4 Bf8 25. Bd2 Nc6 26. Be3 b5 27. Qb2 b4 28. Nd2 Na7 29. Nf3 Nb5 30. Bd2 a5 31. Be1 g6 32. Kh1 h5 33. Bd2 Kh7 34. Ng5+ Kg8 35. Nf3 Rxc1 36. Rxc1 Rc8 37. Kg1 Bg7 38. Kh1 Kh7 39. Ng5+ Kg8 40. Nf3 f6 41. exf6 Bxf6 42. Be3 Nc3 43. Qc2 Kg7 44. Bg5 Bxg5 45. Nxg5 Qe7 46. Nf3 Qf6 47. Qd3 Ne4 48. Rf1 Rc3 49. Qe2 Kh6 50. Kg1 1/2-1/2

[Event "DVM U12 2024"]
[Site "Heidelberg"]
[Date "2024.12.29"]
[Round "6"]
[White "Bergmann, Rafael Antonio"]
[Black "Xu, Yan"]
[Result "1-0"]
[ECO "C42"]
[WhiteElo "1647"]
[BlackElo "1268"]
[Annotator "NA RC"]
[PlyCount "101"]
[EventDate "2024.12.23"]
[EventType "team-tourn"]
[EventRounds "7"]
[EventCountry "GER"]
[SourceTitle "playchess.com"]
[Source "ChessBase"]
[SourceQuality "1"]
[TimeControl "40/5400+30:1800+30"]

1. e4 e5 2. Nf3 Nf6 3. Nxe5 d6 4. Nf3 Nxe4 5. Nc3 Bf5 6. Bd3 Qe7 7. Nd5 Qd8 8. Qe2 c6 9. Bxe4 Bxe4 10. Qxe4+ Be7 11. Qxe7+ Qxe7+ 12. Nxe7 Kxe7 13. O-O f6 14. d4 Kf7 15. Bf4 d5 16. Rfe1 Nd7 17. Bd6 Rhe8 18. Rxe8 Rxe8 19. Re1 g6 20. Kf1 Nb6 21. Rxe8 Kxe8 22. b3 Nd7 23. Ne1 Kf7 24. Nd3 Ke6 25. Ba3 b6 26. Ke2 Kf7 27. Nb4 Nb8 28. Bc1 a5 29. Bf4 axb4 30. Bxb8 Ke6 31. Ba7 b5 32. Bc5 f5 33. Bxb4 h5 34. Ke3 Kf6 35. f4 Ke6 36. Kf3 Kd7 37. Kg3 Ke6 38. Kh4 Kf6 39. a4 Ke6 40. Kg5 Kf7 41. a5 Kg7 42. a6 Kf7 43. a7 Ke6 44. a8=Q c5 45. Bxc5 Kd7 46. Kxg6 h4 47. Kf7 Kc7 48. b4 h3 49. g3 Kd7 50. Qb7+ Kd8 51. Be7# 1-0

[Event "DVM U12 2024"]
[Site "Heidelberg"]
[Date "2024.12.29"]
[Round "6"]
[White "Classen, Marnin"]
[Black "Buff, Hannes"]
[Result "1-0"]
[ECO "B23"]
[WhiteElo "1632"]
[BlackElo "1370"]
[Annotator "NA RC"]
[PlyCount "45"]
[EventDate "2024.12.23"]
[EventType "team-tourn"]
[EventRounds "7"]
[EventCountry "GER"]
[SourceTitle "playchess.com"]
[Source "ChessBase"]
[SourceQuality "1"]
[TimeControl "40/5400+30:1800+30"]

1. e4 c5 2. Nc3 d6 3. g3 Nf6 4. f4 Nc6 5. Bg2 g6 6. Nf3 e6 7. O-O Bg7 8. d3 Bd7 9. Kh1 Rb8 10. Be3 Qe7 11. Qd2 Ng4 12. Bg1 a6 13. Rae1 b5 14. Nd5 Qd8 15. Nc3 b4 16. Nd1 Qc7 17. h3 Nh6 18. g4 Ng8 19. f5 Nge7 20. Qf4 Ne5 21. f6 Kf8 22. fxg7+ Kxg7 23. Nxe5 1-0